 Dungeon Crawl Stone Soup version 0.28-a0-751-gef3a642a4e (webtiles) character file.

Game seed: 12804692734136817220

16 croobank the Digger (level 2, 0/15 HPs)
             Began as a Gargoyle Earth Elementalist on Oct 30, 2021.
             Slain by a gnoll (5 damage)
             ... on level 1 of the Dungeon.
             The game lasted 00:05:01 (608 turns).

croobank the Digger (Gargoyle Earth Elementalist)    Turns: 608, Time: 00:05:02

Health: 0/15       AC: 10    Str: 11    XL:     2   Next: 58%
Magic:  5/5        EV:  5    Int: 15    God:
Gold:   55         SH:  0    Dex: 10    Spells: 4/5 levels left

rFire   . . .      SeeInvis .   d - +0 club
rCold   . . .      Faith    .   (no shield)
rNeg    + . .      Spirit   .   e - +0 chain mail
rPois   ∞          Reflect  .   (no helmet)
rElec   +          Harm     .   (no cloak)
rCorr   .          Rampage  .   (no gloves)
Will    .....                   (no boots)
Stlth   ..........              (no amulet)
HPRegen 0.05/turn               (no ring)
MPRegen 0.09/turn               (no ring)

@: no status effects
A: sickness immunity, AC +2, negative energy resistance 1, electricity
resistance, torment resistance 1, petrification resistance
a: no special abilities


You were on level 1 of the Dungeon.
You visited 1 branch of the dungeon, and saw 1 of its levels.

You collected 55 gold pieces.

Inventory:

Hand Weapons
 d - a +0 club (weapon)
Missiles
 c - 30 stones
Armour
 b - a +0 robe
 e - a +0 chain mail (worn)
Potions
 a - a potion of invisibility {unknown}


   Skills:
 + Level 1.6 Dodging
 + Level 2.1 Stealth
 + Level 0.4 Unarmed Combat
 + Level 2.2 Spellcasting
 + Level 0.7 Transmutations
 + Level 4.3 Earth Magic


You had 4 spell levels left.
You knew the following spells:

 Your Spells              Type           Power      Damage    Failure   Level
a - Sandblast             Erth           28%        2d8       93%         1

Your spell library contained the following spells:

 Spells                   Type           Power      Damage    Failure   Level
 Passwall                 Tmut/Erth      7%         N/A       100%        2
 Stone Arrow              Conj/Erth      16%        3d8       100%        3
 Petrify                  Tmut/Erth      9%         N/A       100%        4


Dungeon Overview and Level Annotations

Branches:
Dungeon (1/15)

Altars:


Innate Abilities, Weirdness & Mutations

You are immune to sickness and miasma.
Your stone body is resilient. (AC +2)
You are immune to poison.
You resist negative energy. (rN+)
You are resistant to electric shocks. (rElec)
You are resistant to unholy torment.
You are immune to petrification.


Message History

You hit the bat.
You kill the bat!
Your magical contamination has completely faded away.
Found a leather armour.
There is a stone staircase leading down here.
You see here a +0 leather armour.
You see here a hobgoblin corpse.
Found a chain mail.
You see here a +0 chain mail.
A rat comes into view.
A goblin and a gnoll come into view.
The goblin is wielding a +1 dagger of speed.
The goblin shouts!
The gnoll shouts!
Press: ? - help, v - describe, . - travel
Here: a gnoll, wielding a +0 spear The floor.
You hit the rat.
You kill the rat!
Aiming: Sandblast (safe; 93% risk of failure)
Press: ? - help, Q - select action, (/) - cycle Shift-Dir - straight line, f - gnoll
Aim: a gnoll, wielding a +0 spear (82% to hit)
You miscast Sandblast.
You are very lightly contaminated with residual magic.
Nothing appears to happen.
The gnoll hits you from afar with a +0 spear.
The gnoll barely misses you.
You see here a rat corpse.
You hit the gnoll.
The gnoll is lightly wounded.
The gnoll hits you with a +0 spear.
You barely miss the gnoll.
The gnoll is lightly wounded.
The gnoll hits you but does no damage. The gnoll hits you with a +0 spear.
* * * LOW HITPOINT WARNING * * *
The gnoll barely misses you.
Your magical contamination has completely faded away.
You see here a +0 chain mail.
There is an escape hatch in the floor here.
The gnoll hits you from afar with a +0 spear.
You die...

.##.....####### #.# #####
.####.........###.# .#
###...###..##.######## .####
#................... ..>.#
#............###########
.##.###.........#..## #.....#
.##.............#g..####.#####
.######..............##..# .#
#.........@.......## .#
#.........###...### .#
#.........# #.#.## .#
#.........###.#..######## .#
####..#####.............# .#
#....######..†..........# .#
#.##.##.................# .#
##.......###.####........#
.#####......#.....# #........#


You could see a gnoll.

Vanquished Creatures
  An endoplasm (D:1)
  A giant cockroach (D:1)
  A goblin (D:1)
  3 hobgoblins (D:1)
  2 quokkas (D:1)
  2 bats (D:1)
  3 frilled lizards (D:1)
  2 rats (D:1)
15 creatures vanquished.

Notes
Turn   | Place    | Note
-------+----------+-------------------------------------------
     0 | D:1      | croobank the Gargoyle Earth Elementalist began the quest
                  | for the Orb.
     0 | D:1      | Reached XP level 1. HP: 10/10 MP: 3/3
   173 | D:1      | Reached skill level 4 in Earth Magic
   282 | D:1      | Reached XP level 2. HP: 15/15 MP: 3/5
   608 | D:1      | Slain by a gnoll

Illustrated notes

Levels and vault maps discovered:
D:1:      lemuel_arrival_muddy, layout_rooms

Skill      XL: |  1 |
---------------+----+-----
Earth Magic    | 4 |  4.3
Dodging        | |  1.6
Stealth        | |  2.1
Unarmed Combat | |  0.4
Spellcasting   | |  2.2
Transmutations | |  0.7

Action                   || total
-------------------------++-------
Melee: Unarmed           ||    20
       Club              ||     9
 Cast: Sandblast         ||    15
  Use: Scroll            ||     1
Armor: Robe              ||     8
       Chain mail        ||    10
Dodge: Dodged            ||    24

Table legend: (Time is in decaauts)
 A = Elapsed time spent in this place.
 B = Non-inter-level travel time spent in this place.
 C = Inter-level travel time spent in this place.
 D = Time resting spent in this place.
 E = Time spent auto-exploring this place.
 F = Levels seen in this place.
 G = Mean time per level.
                   A        B        C        D        E       F      G
               +--------+--------+--------+--------+--------+-----+--------+
         Total |    610 |    610 |      0 |     22 |    394 |   1 |  610.0 |
       Dungeon |    610 |    610 |      0 |     22 |    394 |   1 |  610.0 |
               +--------+--------+--------+--------+--------+-----+--------+

Top non-repeatable levels by time:
     D:1: 610 daAuts
